 Dungeon Crawl Stone Soup version 0.23.0 (webtiles) character file.

Game seed: 13795571227900575171

401805 Peloso the Minotaur Barricade (level 22, 0/211 HPs)
             Began as a Minotaur Fighter on Feb 11, 2019.
             Was a High Priest of Okawaru.
             Slain by a phantasmal warrior (13 damage)
             ... on level 5 of the Vaults on Feb 12, 2019.
             The game lasted 03:02:35 (57926 turns).

Peloso the Minotaur Barricade (Minotaur Fighter)   Turns: 57926, Time: 03:02:36

Health: 0/211      AC: 34    Str: 41    XL:     22   Next: 29%
Magic:  23/23      EV: 16    Int:  9    God:    Okawaru [*****.]
Gold:   2975       SH:  0    Dex: 12    Spells: 21/21 levels left

rFire    + + +     SeeInvis .   a - +3 double sword "Dikheyma" {slice, Dex+3}
rCold    . . .     Gourm    .   L - +7 large shield of the Hanged Man {+Inv rPois}
rNeg     + + .     Faith    +   K - +4 plate armour {rN+}
rPois    +         Spirit   .   q - +1 hat {MR+}
rElec    .         Reflect  .   X - -2 cloak of Demons {rF+++ Regen+ Int+4 Stlth-}
rCorr    .         Harm     .   v - +3 pair of gauntlets of War {Slay+5}
MR       ++...                  d - +2 pair of boots {Stlth+}
Stlth    ..........             j - amulet of faith
HPRegen  0.85/turn              F - ring of the Zebra {Str+4 Slay+4}
MPRegen  0.18/turn              Y - ring of Zesunkem {+Fly rN+ Str+7 Dex-2}

@: confused, heroism, hasted, very quick
A: retaliatory headbutt, horns 2
}: 2/15 runes: decaying, gossamer
a: Heroism, Finesse, Renounce Religion, Evoke Invisibility, Evoke Flight


You were on level 5 of the Vaults.
You worshipped Okawaru.
Okawaru was extremely pleased with you.
You were hungry.

You visited 7 branches of the dungeon, and saw 39 of its levels.
You visited the Abyss 1 time.
You also visited: Trove, Bailey, Gauntlet and Ice Cave.

You collected 5872 gold pieces.
You spent 2897 gold pieces at shops.

Inventory:

Hand Weapons
 a - the +3 double sword "Dikheyma" (weapon) {slice, Dex+3}
   (Okawaru gifted it to you on level 5 of the Lair of Beasts)

   It inflicts extra damage upon your enemies.
   It affects your dexterity (+3).
 b - a +2 falchion of flaming
Armour
 d - a +2 pair of boots of stealth (worn)
 q - a +1 hat of magic resistance (worn)
 v - the +3 pair of gauntlets of War (worn) {Slay+5}
   (You found it on level 2 of the Spider Nest)

   It affects your accuracy and damage with ranged weapons and melee attacks
   (+5).
 K - a +4 plate armour of positive energy (worn)
 L - the +7 large shield of the Hanged Man (worn) {+Inv rPois}
   (You bought it in a shop on level 2 of the Orcish Mines)

   It protects you from poison.
   It lets you turn invisible.
 S - a scarf of cloud immunity
 X - the -2 cloak of Demons (worn) {rF+++ Regen+ Int+4 Stlth-}
   (You found it on level 3 of the Elven Halls)

   It affects your intelligence (+4).
   It renders you almost immune to fire.
   It increases your rate of regeneration.
   It makes you less stealthy.
Jewellery
 c - a +2 ring of strength
 h - a +4 amulet of reflection
 j - an amulet of faith (around neck)
 p - a +5 amulet of reflection
 r - an uncursed ring of protection from magic
 z - the ring of Kunics {Ice Int-5 Dex+5 Slay+2 SInv}
   (You found it in a treasure trove)

   [ring of ice]

   It enhances your ice magic.
   It affects your intelligence (-5).
   It affects your dexterity (+5).
   It affects your accuracy and damage with ranged weapons and melee attacks
   (+2).
   It makes you vulnerable to fire.
   It protects you from cold.
   It lets you see invisible.
 D - the amulet of Satisfaction {Gourm +Inv rF++ rN+ MP-9}
   (You found it in a treasure trove)

   [amulet of the gourmand]

   It allows you to eat raw meat even when not hungry.
   It greatly protects you from fire.
   It protects you from negative energy.
   It affects your magic capacity (-9).
   It lets you turn invisible.
 F - the ring of the Zebra (left hand) {Str+4 Slay+4}
   (You found it in a treasure trove)

   [ring of slaying]

   It affects your strength (+4).
   It affects your accuracy and damage with ranged weapons and melee attacks
   (+4).
 V - an uncursed ring of resist corrosion
 Y - the ring of Zesunkem (right hand) {+Fly rN+ Str+7 Dex-2}
   (You found it in a treasure trove)

   [ring of flight]

   It affects your strength (+7).
   It affects your dexterity (-2).
   It protects you from negative energy.
   It lets you fly.
Wands
 w - a wand of iceblast (7)
 O - a wand of digging (7)
Scrolls
 i - 13 scrolls of teleportation
 o - a scroll of fog
 s - 13 scrolls of identify
 u - 2 scrolls of summoning
 I - 6 scrolls of blinking
 Q - 2 scrolls of noise
 R - 8 scrolls of remove curse
Potions
 e - 4 potions of heal wounds
 k - 15 potions of curing
 l - 11 potions of flight
 n - 8 potions of agility
 t - 8 potions of haste
 C - 4 potions of berserk rage
 E - 3 potions of mutation
 J - 5 potions of resistance
 P - 8 potions of might
Miscellaneous
 g - a lamp of fire
Comestibles
 f - 56 rations
 m - 5 chunks of flesh


   Skills:
 + Level 20.8(25.8) Fighting
 + Level 22.0(27) Long Blades
 + Level 18.1(23.1) Armour
 + Level 8.1(13.1) Dodging
 + Level 3.4(8.4) Stealth
 O Level 27 Shields
 + Level 3.3 Invocations
 + Level 0.2 Evocations


You had 21 spell levels left.
You didn't know any spells.
Your spell library contained the following spells:

 Spells                   Type           Power        Failure   Level  Hunger
 Confusing Touch          Hex            #.....       71%         1    ##.....
 Corona                   Hex            #......      71%         1    ##.....
 Magic Dart               Conj           #...         71%         1    ##.....
 Shock                    Conj/Air       #...         71%         1    ##.....
 Blink                    Tloc           N/A          83%         2    ###....
 Call Imp                 Summ           #.......     83%         2    ###....
 Ensorcelled Hibernation  Hex/Ice        #.....       83%         2    ###....
 Passwall                 Tmut/Erth      #.......     83%         2    ###....
 Poisonous Vapours        Pois/Air       #.....       83%         2    ###....
 Slow                     Hex            #.......     83%         2    ###....
 Sublimation of Blood     Necr           #.........   83%         2    ###....
 Swiftness                Chrm/Air       #.......     83%         2    ###....
 Call Canine Familiar     Summ           #.......     97%         3    ####...
 Confuse                  Hex            #.......     97%         3    ####...
 Conjure Flame            Conj/Fire      #.......     97%         3    ####...
 Dazzling Spray           Conj/Hex       #.....       97%         3    ####...
 Gell's Gravitas          Tloc           #.........   97%         3    ####...
 Ignite Poison            Fire/Tmut/Pois #.......     97%         3    ####...
 Mephitic Cloud           Conj/Pois/Air  #.......     97%         3    ####...
 Ozocubu's Armour         Chrm/Ice       #.......     97%         3    ####...
 Portal Projectile        Hex/Tloc       #.....       97%         3    ####...
 Recall                   Summ/Tloc      N/A          97%         3    ####...
 Static Discharge         Conj/Air       #.......     97%         3    ####...
 Summon Guardian Golem    Hex/Summ       #.......     97%         3    ####...
 Tukima's Dance           Hex            #.......     97%         3    ####...
 Airstrike                Air            #.........   100%        4    #####..
 Cause Fear               Hex            #.........   100%        4    #####..
 Fulminant Prism          Conj/Hex       #.........   100%        4    #####..
 Passage of Golubria      Tloc           N/A          100%        4    #####..
 Petrify                  Tmut/Erth      #.......     100%        4    #####..
 Summon Lightning Spire   Summ/Air       #.......     100%        4    #####..
 Alistair's Intoxication  Tmut/Pois      #.......     100%        5    ######.
 Borgnjor's Vile Clutch   Necr/Erth      #.........   100%        5    ######.
 Irradiate                Conj/Tmut      #.........   100%        5    ######.
 Lee's Rapid Deconstruct  Erth           #.........   100%        5    ######.
 Lightning Bolt           Conj/Air       #.........   100%        5    ######.
 Metabolic Englaciation   Hex/Ice        #.........   100%        5    ######.
 Silence                  Hex/Air        #.........   100%        5    ######.
 Summon Mana Viper        Hex/Summ       #.......     100%        5    ######.
 Yara's Violent Unravell  Hex/Tmut       #.........   100%        5    ######.
 Darkness                 Hex            #.........   100%        6    #######
 Deflect Missiles         Chrm/Air       #.........   100%        6    #######
 Invisibility             Hex            #.......     100%        6    #######
 Discord                  Hex            #.........   100%        8    #######
 Dragon's Call            Summ           #.........   100%        9    #######


Dungeon Overview and Level Annotations

Branches:
Dungeon (15/15)            Temple (0/1) D:6            Lair (6/6) D:10
  Swamp (4/4) Lair:3       Spider (4/4) Lair:3        Slime (0/5) Lair:5
    Orc (2/2) D:12            Elf (3/3) Orc:2        Vaults (5/5) D:13
  Crypt (0/3) Vaults:2     Depths (0/5) D:15

Altars:
Dithmenos
Hepliaklqana
Kikubaaqudgha
Makhleb
Nemelex Xobeh
Okawaru
Qazlal
Ru
Sif Muna
Trog
Uskayaw
Vehumet
The Shining One

Shops:
D:11 !?!   D:12 !   Orc:1 :   Orc:2 *(=[   Elf:1 :   Vaults:1 }   Vaults:3 [=*

Annotations:
D:11 3 runed translucent doors, kzierhut's ghost, novice GrFi


Innate Abilities, Weirdness & Mutations

You reflexively headbutt those who attack you in melee.
You have a pair of horns on your head.


Message History

The deep elf annihilator gestures at you while chanting.
The bolt of lightning hits you!!
* * * LOW HITPOINT WARNING * * *
The Hell Sentinel hits you but does no damage.
The Hell Sentinel completely misses you.
The phantasmal warrior blinks!
The vault guard barely misses you.
In your confused state, you trip and fall back down the stairs.
* * * LOW HITPOINT WARNING * * *
The sphinx hits you but does no damage. x2; The sphinx completely misses you.
The ettin hits you with a +0 great mace!!
* * * LOW HITPOINT WARNING * * *
The ettin misses you. The red devil misses you.
The vault guard hits you from afar with a +0 halberd!
* * * LOW HITPOINT WARNING * * *
The Hell Sentinel hits you but does no damage. x2
The ironbrand convoker casts a spell at the deep elf demonologist.
The deep elf demonologist seems to grow stronger.
The red devil hits you but does no damage.
The phantasmal warrior hits you!
You die...

4### #....# #.
.#.##....##...
#...#....#...#
#..........#
#######.......e####
..........C........
.........4c4H.§....
...%...42p1.<.§....
.......pepH@.......
######)p.C.W..####
#.......pc........
#.......#....#.####
...##...#....#.# ..
##..#....# #
#..#....# ...#....#
..## ..#


You could see a Hell Sentinel, a titan, 2 sphinxes, 2 yaktaur captains, a
balrug, 4 vault guards, a deep elf annihilator, an ettin, a deep elf
demonologist, a phantasmal warrior, an ironbrand convoker, a hellwing and 2 red
devils.

Vanquished Creatures
  Mara (Vaults:3)
  Margery (Vaults:1)
  Xtahua (Vaults:2)
  A tentacled monstrosity (Vaults:3)
  Rupert (Lair:4)
  A lich (Vaults:3)
  The ghost of Taocaav the Crack Shot, an adept CeHu of Okawaru (Spider:2)
  2 deep elf blademasters (Elf:3)
  Gastronok (D:8)
  Kirke (D:15)
  3 thorn hunters
  The ghost of Finguili the Fencer, an adept TeEn of Okawaru (Spider:2)
  A tengu reaver (Vaults:3)
  Roxanne (Spider:2)
  The ghost of Koapeshre the Champion of Chaos, a journeyman DDFi of Makhleb (Spider:2)
  2 frost giants
  6 vault wardens
  7 deep elf sorcerers
  Louise (Swamp:4)
  3 ghost moths
  2 orc warlords
  4 emperor scorpions
  5 deep elf elementalists (Elf:3)
  4 very ugly things (Vaults:3)
  A war gargoyle (Vaults:1)
  8 entropy weavers
  6 stone giants
  8 ironheart preservers
  3 deep elf demonologists (Elf:3)
  Nessos (Lair:4)
  2 dire elephants
  A minotaur (Gauntlet)
  3 spark wasps
  Azrael (D:13)
  9 deep elf annihilators
  Snorg (Orc:1)
  6 deep elf death magi
  2 ettins (Vaults:3)
  11 yaktaur captains
  3 great orbs of eyes
  3 fire dragons
  10 ogre magi
  28 vault guards
  7 deep elf high priests (Elf:3)
  2 ice dragons
  8 centaur warriors
  Erolcha (Orc:2)
  A rakshasa (Vaults:3)
  2 death knights
  Harold (Orc:2)
  4 shambling mangroves
  26 hydras
  36 two-headed ogres
  2 catoblepae (Lair:6)
  A death scarab (Gauntlet)
  14 alligators
  22 dancing weapons
  A queen ant (Spider:1)
  2 deep troll shamans (Vaults:4)
  An orc high priest (Orc:2)
  3 thrashing horrors (Abyss:2)
  A deep troll earth mage (Vaults:4)
  Sonja (Orc:1)
  5 spriggans
  A spriggan berserker (Swamp:4)
  2 tengu warriors
  23 slime creatures
  25 deep elf knights
  4 hell knights
  A shadow wraith (Vaults:4)
  4 skeletal warriors
  3 unseen horrors
  A deep troll (Vaults:4)
  2 flayed ghosts
  2 wretched stars (Abyss:2)
  13 swamp dragons
  A glowing orange brain (Abyss:2)
  A phantasmal warrior (Vaults:2)
  A sea snake (shapeshifter) (Vaults:1)
  A lindwurm (Lair:6)
  2 wizards
  5 harpies (Vaults:4)
  12 ironbrand convokers
  A spectral hydra (Gauntlet)
  16 orc knights
  2 necromancers
  11 deep elf archers
  74 deep elf magi
  5 orc sorcerers
  19 orb spiders
  8 cyclopes
  30 wolf spiders
  4 oklob plants (Lair:6)
  38 ugly things
  3 manticores
  A manticore (shapeshifter) (Vaults:1)
  4 moths of wrath
  4 centaur zombies
  A salamander (D:15)
  3 black mambas
  15 vault sentinels
  A water nymph (shapeshifter) (Elf:3)
  4 torpor snails
  2 ice statues (IceCv)
  12 spiny frogs
  12 rime drakes
  A spiny frog (shapeshifter) (Vaults:1)
  2 kobold demonologists
  6 freezing wraiths
  16 komodo dragons
  26 yaktaurs
  24 demonic crawlers
  A tengu conjurer (D:13)
  3 meliai (Spider:4)
  14 polar bears
  6 trolls
  2 wind drakes (shapeshifter)
  35 jumping spiders
  12 tyrant leeches
  10 blink frogs
  14 bog bodies
  22 hornets
  7 raiju (Abyss:2)
  A blink frog (shapeshifter) (Elf:1)
  7 dream sheep (Lair:6)
  A fire giant simulacrum (Vaults:3)
  26 hippogriffs
  2 vampires
  A shadow (D:11)
  A tarantella (shapeshifter) (Vaults:1)
  93 redbacks
  3 air elementals
  A centaur simulacrum (D:14)
  2 large abominations
  2 water elementals (Elf:1)
  30 tarantellas
  51 yaks
  2 wraiths
  A ynoxinul (Abyss:2)
  9 humans
  12 wyverns
  3 hungry ghosts
  4 fire elementals
  40 vampire mosquitoes
  7 hogs
  2 steam dragons (Lair:6)
  9 basilisks
  6 wargs
  A swamp worm (shapeshifter) (D:14)
  10 insubstantial wisps
  11 soldier ants
  11 swamp worms
  7 hell hounds
  4 acid dragons
  9 water moccasins
  6 porcupines
  47 orc warriors
  3 ice beasts
  4 black bears
  3 sky beasts
  9 small abominations
  11 swamp drakes
  An eye of draining (D:13)
  4 boggarts (Vaults:2)
  11 centaurs
  28 wolves
  25 ogres
  3 phantoms
  The ghost of PeterQ the Ducker, an amateur TeGl (D:3)
  18 crocodiles
  2 big kobolds (D:13)
  18 bullfrogs
  An earth elemental (Elf:3)
  2 scorpions
  A water moccasin skeleton (D:5)
  10 wights
  10 electric eels
  A howler monkey (D:5)
  5 hounds
  14 crimson imps
  6 jellies
  9 orc priests
  2 bullfrog skeletons
  Ijyb (D:3)
  9 iguanas
  22 orc wizards
  28 worker ants
  A hound zombie (D:7)
  3 hound skeletons
  2 gnolls (Bailey)
  23 adders
  2 river rats (D:3)
  2 shadow imps
  3 oozes (Lair:5)
  5 worms
  4 dart slugs
  8 leopard geckos
  89 orcs
  9 giant cockroaches
  33 goblins
  24 hobgoblins
  2 jackals (D:1)
  6 quokkas
  2 ball pythons
  6 bats
  2 frilled lizards
  8 kobolds
  2 leopard gecko skeletons
  A quokka zombie (D:8)
  10 rats
  3 briar patches
  2 crawling corpses (Elf:3)
  4 fungi
  6 plants
1821 creatures vanquished.

Vanquished Creatures (others)
  A deep elf annihilator (Elf:3)
  A two-headed ogre (Vaults:1)
  6 deep elf archers
  A deep elf mage (Elf:3)
  A yaktaur (Vaults:2)
  2 redbacks
  An insubstantial wisp (Swamp:1)
  A swamp drake (Swamp:4)
  A swamp drake (shapeshifter) (Vaults:2)
  A centaur (Vaults:2)
  A shadow imp (D:14)
  An orc (Vaults:1)
  3 briar patches
  4 fungi
  12 plants
  A withered plant (Spider:2)
38 creatures vanquished.

Grand Total: 1859 creatures vanquished

Notes
Turn   | Place    | Note
-------+----------+-------------------------------------------
     0 | D:1      | Peloso the Minotaur Fighter began the quest for the Orb.
     0 | D:1      | Reached XP level 1. HP: 19/19 MP: 0/0
     3 | D:1      | Noticed an electric eel
     3 | D:1      | Noticed an electric eel
   105 | D:1      | Reached skill level 4 in Shields
   159 | D:1      | Reached XP level 2. HP: 27/27 MP: 1/1
   779 | D:2      | Reached XP level 3. HP: 33/33 MP: 2/2
  1094 | D:2      | Found a sparkling altar of Nemelex Xobeh.
  1122 | D:2      | Found a radiant altar of Vehumet.
  1374 | D:2      | Found a bloodstained altar of Trog.
  1534 | D:2      | Reached XP level 4. HP: 40/40 MP: 3/3
  1560 | D:2      | Found a burning altar of Makhleb.
  1565 | D:2      | Found an iron altar of Okawaru.
  1572 | D:2      | Became a worshipper of Warmaster Okawaru
  1687 | D:3      | Reached skill level 1 in Dodging
  1931 | D:3      | Found a runed translucent door.
  1934 | D:3      | Noticed PeterQ's ghost (amateur TeGl)
  1943 | D:3      | Killed PeterQ's ghost
  1943 | D:3      | Reached skill level 5 in Shields
  1943 | D:3      | Reached XP level 5. HP: 47/47 MP: 4/4
  2170 | D:3      | Noticed Ijyb
  2203 | D:3      | Killed Ijyb
  2258 | D:3      | Reached XP level 6. HP: 47/53 MP: 5/5
  2669 | D:4      | Reached * piety under Okawaru
  2699 | D:4      | Reached skill level 5 in Long Blades
  2729 | D:4      | Noticed a +0 hand axe
  2729 | D:4      | Noticed a +0 dagger
  2730 | D:4      | Found a hide-covered altar of Uskayaw.
  3005 | D:4      | Reached skill level 5 in Armour
  3052 | D:4      | Found a sacrificial altar of Ru.
  3251 | D:4      | Reached skill level 5 in Fighting
  3409 | D:5      | Entered Level 5 of the Dungeon
  3409 | D:5      | Noticed a water moccasin
  3421 | D:5      | Killed a water moccasin
  3421 | D:5      | Reached XP level 7. HP: 46/61 MP: 6/6
  3821 | D:5      | Reached ** piety under Okawaru
  3821 | D:5      | Reached skill level 6 in Shields
  3895 | D:5      | Found a hazy altar of Hepliaklqana.
  4332 | D:6      | Reached XP level 8. HP: 61/68 MP: 7/7
  4427 | D:6      | Reached skill level 7 in Shields
  4600 | D:6      | Found a staircase to the Ecumenical Temple.
  5054 | D:7      | Reached *** piety under Okawaru
  5338 | D:7      | Reached skill level 8 in Shields
  5842 | D:7      | Reached XP level 9. HP: 62/75 MP: 8/8
  5849 | D:7      | Found a shadowy altar of Dithmenos.
  6203 | D:8      | Noticed Gastronok
  6249 | D:8      | Killed Gastronok
  6249 | D:8      | Reached **** piety under Okawaru
  6249 | D:8      | Reached skill level 10 in Long Blades
  6249 | D:8      | Reached skill level 1 in Stealth
  6249 | D:8      | Reached skill level 9 in Shields
  6249 | D:8      | Reached XP level 10. HP: 34/86 MP: 9/9
  6454 | D:8      | Found a deep blue altar of Sif Muna.
  6499 | D:9      | Noticed a two-headed ogre
  6504 | D:9      | Killed a two-headed ogre
  6504 | D:9      | Reached ***** piety under Okawaru
  6818 | D:9      | Found an ancient bone altar of Kikubaaqudgha.
  6854 | D:9      | Noticed a seven-headed hydra
  6862 | D:9      | Killed a three-headed hydra
  6895 | D:9      | Found a glowing golden altar of the Shining One.
  6986 | D:9      | Found a stormy altar of Qazlal.
  7184 | D:9      | Noticed a white ugly thing
  7203 | D:9      | Killed a white ugly thing
  7203 | D:9      | Reached skill level 10 in Shields
  7440 | D:10     | Entered Level 10 of the Dungeon
  7505 | D:10     | Found a flagged portal.
  7529 | Bailey   | Entered a bailey
  7826 | Bailey   | Received a gift from Okawaru
  7854 | Bailey   | Got a scorched shield {god gift}
  7860 | Bailey   | Identified the +4 shield of Ovval {Int+2} (Okawaru gifted
                  | it to you in a bailey)
  8077 | Bailey   | Noticed an orc knight
  8081 | Bailey   | Noticed an orc knight
  8102 | Bailey   | Killed an orc knight
  8111 | Bailey   | Killed an orc knight
  8111 | Bailey   | Reached XP level 11. HP: 25/95 MP: 10/10
  8841 | Bailey   | Noticed an orc warlord
  8842 | Bailey   | Noticed an orc knight
  8842 | Bailey   | Noticed an orc knight
  8867 | Bailey   | Killed an orc warlord
  8867 | Bailey   | Reached skill level 10 in Armour
  8867 | Bailey   | Reached skill level 11 in Shields
  8867 | Bailey   | Reached skill level 1 in Invocations
  8876 | Bailey   | Killed an orc knight
  8886 | Bailey   | Killed an orc knight
  8928 | Bailey   | Got a warped chain mail
  9197 | Bailey   | Identified the cursed +0 chain mail "Poat" {rF+ rC- Str+4}
                  | (You found it in a bailey)
  9260 | D:10     | Noticed a two-headed ogre
  9269 | D:10     | Killed a two-headed ogre
 10036 | D:11     | Noticed a two-headed ogre
 10047 | D:11     | Killed a two-headed ogre
 10190 | D:11     | Found a runed translucent gate.
 10190 | D:11     | Found a runed translucent gate.
 10190 | D:11     | Found a runed translucent gate.
 10191 | D:11     | Noticed a 12-headed hydra
 10191 | D:11     | Noticed kzierhut's ghost (novice GrFi)
 10191 | D:11     | Noticed a nine-headed hydra
 10282 | D:11     | Killed an unseen horror
 10282 | D:11     | Reached skill level 12 in Shields
 10592 | D:11     | Reached ****** piety under Okawaru
 10596 | D:11     | Noticed a two-headed ogre
 10601 | D:11     | Killed a two-headed ogre
 10601 | D:11     | Reached XP level 12. HP: 103/106 MP: 10/12
 10620 | D:11     | Found Reseint's Distillery.
 10624 | D:11     | Bought a potion of mutation for 120 gold pieces
 10624 | D:11     | Bought 2 potions of haste for 300 gold pieces
 10624 | D:11     | Bought a potion of degeneration for 15 gold pieces
 10624 | D:11     | Bought a potion of might for 60 gold pieces
 10690 | D:11     | Reached skill level 10 in Fighting
 10861 | D:11     | Received a gift from Okawaru
 10872 | D:11     | Got a steaming cloak {god gift}
 10883 | D:11     | Identified the +0 cloak of the Harp {rElec} (Okawaru gifted
                  | it to you on level 11 of the Dungeon)
 10947 | D:11     | Found Zuonak Omoff's Magic Scroll Shop.
 10950 | D:11     | Bought a scroll of noise for 17 gold pieces
 10950 | D:11     | Bought a scroll of blinking for 127 gold pieces
 10950 | D:11     | Bought a scroll of identify for 34 gold pieces
 10950 | D:11     | Bought a scroll of identify for 34 gold pieces
 11009 | D:11     | Found Duihin Uzunn's Distillery.
 11016 | D:11     | Bought a potion of might for 48 gold pieces
 11261 | D:10     | Found a staircase to the Lair.
 11270 | Lair:1   | Entered Level 1 of the Lair of Beasts
 11515 | Lair:1   | Reached skill level 13 in Shields
 12262 | Lair:2   | Got a crude golden ring
 12264 | Lair:2   | Identified the ring "Pir Ziku" {+Blink +Inv rC++ Str-2
                  | Dex+5} (You found it on level 2 of the Lair of Beasts)
 13115 | Lair:2   | Received a gift from Okawaru
 13118 | Lair:2   | Got a shimmering fustibalus {god gift}
 13266 | Lair:3   | Found a gate leading to a gauntlet.
 13299 | Gauntlet | Entered a Gauntlet
 13299 | Gauntlet | Found a transporter.
 13302 | Gauntlet | Found a transporter.
 13302 | Gauntlet | Noticed a death scarab
 13304 | Gauntlet | Found a transporter.
 13319 | Gauntlet | Found a transporter.
 13321 | Gauntlet | Found a transporter.
 13336 | Gauntlet | Found a transporter.
 13345 | Gauntlet | Noticed an eight-headed hydra
 13348 | Gauntlet | Found a transporter.
 13355 | Gauntlet | Found a runed translucent door.
 13359 | Gauntlet | Found a transporter.
 13361 | Gauntlet | Noticed a death scarab
 13361 | Gauntlet | Noticed a death scarab
 13368 | Gauntlet | Found a transporter.
 13386 | Gauntlet | Found a transporter.
 13396 | Gauntlet | Found a transporter.
 13481 | Gauntlet | Found a transporter.
 13510 | Gauntlet | Found a transporter.
 13510 | Gauntlet | Found a transporter.
 13659 | Gauntlet | Killed a death scarab
 13668 | Gauntlet | Reached XP level 13. HP: 67/116 MP: 7/13
 13979 | Gauntlet | Reached skill level 14 in Shields
 13989 | Gauntlet | Got a warped glass ring
 13991 | Gauntlet | Identified the ring of the Pure Demons {MR- MP+9 Dex+7
                  | Stlth+} (You found it in a Gauntlet)
 14051 | Gauntlet | Noticed a minotaur
 14075 | Gauntlet | Killed a minotaur
 14079 | Gauntlet | Identified the Guide on the Entourage
 14484 | Lair:3   | Found a hole to the Spider Nest.
 14541 | Lair:3   | Received a gift from Okawaru
 14929 | Lair:3   | Found a staircase to the Swamp.
 15056 | Lair:1   | Identified the +0 fustibalus of Okawaru's Displeasure
                  | {flame, rPois rF+} (Okawaru gifted it to you on level 2 of
                  | the Lair of Beasts)
 15296 | Lair:4   | Noticed Nessos
 15333 | Lair:4   | Killed Nessos
 15333 | Lair:4   | Reached skill level 15 in Long Blades
 15743 | Lair:4   | Noticed Rupert
 15761 | Lair:4   | Killed Rupert
 16381 | Lair:6   | Entered Level 6 of the Lair of Beasts
 16417 | Lair:6   | Reached skill level 15 in Shields
 16442 | Lair:5   | Received a gift from Okawaru
 16450 | Lair:5   | Got an iridescent double sword {god gift}
 16451 | Lair:5   | Identified the +3 double sword "Dikheyma" {slice, Dex+3}
                  | (Okawaru gifted it to you on level 5 of the Lair of Beasts)
 17113 | Lair:5   | Found a staircase to the Slime Pits.
 17387 | Lair:5   | Reached XP level 14. HP: 118/127 MP: 14/14
 17544 | Lair:5   | Received a gift from Okawaru
 17550 | Lair:5   | Got a scorched chain mail {god gift}
 17561 | Lair:5   | Identified the +1 chain mail of Yesterday {+Fly rCorr Str+2
                  | Int-5} (Okawaru gifted it to you on level 5 of the Lair of
                  | Beasts)
 18739 | Lair:6   | Reached skill level 16 in Shields
 19819 | Lair:6   | Received a gift from Okawaru
 20820 | Lair:2   | Identified a scroll of acquirement
 21116 | D:12     | Found a staircase to the Orcish Mines.
 21252 | D:12     | Found Urotzefim's Distillery.
 21259 | D:12     | Bought a potion of cancellation for 136 gold pieces
 21259 | D:12     | Bought a potion of mutation for 136 gold pieces
 21259 | D:12     | Bought a potion of haste for 170 gold pieces
 21259 | D:12     | Bought a potion of curing for 51 gold pieces
 21259 | D:12     | Bought 2 potions of curing for 102 gold pieces
 21259 | D:12     | Bought a potion of berserk rage for 85 gold pieces
 21511 | D:12     | Found a frozen archway.
 21547 | D:12     | Received a gift from Okawaru
 21567 | IceCv    | Entered an ice cave
 22145 | IceCv    | Noticed a frost giant
 22165 | IceCv    | Killed a frost giant
 22165 | IceCv    | Reached XP level 15. HP: 74/137 MP: 15/15
 22405 | IceCv    | Lost intelligence.
 22921 | D:13     | Noticed Azrael
 22939 | D:13     | Killed Azrael
 22939 | D:13     | Reached skill level 17 in Shields
 23343 | D:13     | Found a gate to the Vaults.
 23444 | D:13     | You fall through a shaft for 2 floors!
 23444 | D:15     | Entered Level 15 of the Dungeon
 23453 | D:15     | Found a staircase to the Depths.
 23461 | D:15     | Received a gift from Okawaru
 24211 | D:14     | Paralysed by a floating eye for 2 turns
 24959 | D:15     | Reached skill level 18 in Shields
 25312 | D:15     | Reached skill level 5 in Dodging
 25394 | D:15     | Received a gift from Okawaru
 25939 | D:15     | Noticed Kirke
 25945 | D:15     | Noticed a sphinx
 26006 | D:15     | Killed Kirke
 26151 | Orc:1    | Entered Level 1 of the Orcish Mines
 26151 | Orc:1    | Noticed Snorg
 26152 | Orc:1    | Found a bloodstained altar of Trog.
 26154 | Orc:1    | Noticed Sonja
 26156 | Orc:1    | Killed Snorg
 26178 | D:12     | Reached XP level 16. HP: 92/147 MP: 17/17
 26356 | Orc:1    | Killed Sonja
 26375 | Orc:1    | Found Vipnyall's Book Boutique.
 26539 | Orc:2    | Entered Level 2 of the Orcish Mines
 26539 | Orc:2    | Found a staircase to the Elven Halls.
 26580 | Orc:2    | Paralysed by an orc sorcerer for 3 turns
 26745 | Orc:2    | Found an iron altar of Okawaru.
 26875 | Orc:2    | Noticed Erolcha
 26876 | Orc:2    | Found Jaezeuh's Antique Armour Boutique.
 26906 | Orc:2    | Killed Erolcha
 27001 | Orc:2    | Bought a dazzling plate armour for 1092 gold pieces
 27063 | Orc:2    | Identified the +3 plate armour of Vlad {Str-5 Int+5 SInv}
                  | (You bought it in a shop on level 2 of the Orcish Mines)
 27211 | Orc:2    | Reached skill level 15 in Fighting
 27401 | Orc:2    | Bought a pitted large shield for 370 gold pieces
 27412 | Orc:2    | Identified the +7 large shield of the Hanged Man {+Inv
                  | rPois} (You bought it in a shop on level 2 of the Orcish
                  | Mines)
 27507 | Orc:2    | Found Uqeogupt's Jewellery Emporium.
 27525 | Orc:2    | Found Jyihucro's Antique Weapon Shoppe.
 27757 | Orc:2    | Found Diciz's General Store.
 28202 | Orc:1    | Noticed Harold
 28220 | Orc:2    | Killed Harold
 28362 | Orc:1    | Paralysed by an orc sorcerer for 6 turns
 29050 | Swamp:1  | Entered Level 1 of the Swamp
 29208 | Swamp:1  | Reached skill level 19 in Shields
 29265 | Swamp:1  | Received a gift from Okawaru
 29271 | Swamp:1  | Got a pitted flail {god gift}
 30239 | Swamp:1  | Got a pitted long sword
 30240 | Swamp:1  | Identified the cursed +0 long sword "Zegelil" {speed, rElec
                  | rC+ Int-2} (You found it on level 1 of the Swamp)
 30245 | Swamp:1  | Identified the +5 flail "Detyqyfe" {freeze, rPois rN+ Str+4
                  | Stlth-} (Okawaru gifted it to you on level 1 of the Swamp)
 30803 | Swamp:2  | Reached skill level 15 in Armour
 31596 | Swamp:3  | Received a gift from Okawaru
 31724 | Swamp:3  | Noticed a thorn hunter
 31737 | Swamp:3  | Killed a thorn hunter
 31803 | Swamp:3  | Noticed a thorn hunter
 31817 | Swamp:3  | Killed a thorn hunter
 31819 | Swamp:3  | Reached skill level 20 in Shields
 32185 | Swamp:4  | Entered Level 4 of the Swamp
 32836 | Swamp:3  | Reached XP level 17. HP: 87/158 MP: 18/18
 33620 | Swamp:4  | Received a gift from Okawaru
 33914 | Swamp:4  | Got an ancient long sword {god gift}
 33915 | Swamp:4  | Identified the +6 long sword "Ultimatum" {antimagic, rElec
                  | Int+5} (Okawaru gifted it to you on level 4 of the Swamp)
 34512 | Swamp:4  | Got a decaying rune of Zot
 34811 | Swamp:4  | Noticed Louise
 34839 | Swamp:4  | Killed Louise
 35275 | Spider:1 | Entered Level 1 of the Spider Nest
 35287 | Spider:1 | Reached skill level 21 in Shields
 35695 | Spider:1 | Got a pair of bloodstained gloves
 35706 | Spider:1 | Identified the +2 pair of gloves of Free Will {Str+2} (You
                  | acquired it on level 1 of the Spider Nest)
 36011 | Spider:1 | Received a gift from Okawaru
 36458 | Spider:2 | Noticed Roxanne
 36674 | Spider:2 | Found the +3 pair of gauntlets of War {Slay+5}
 37055 | Spider:2 | Killed Roxanne
 37814 | Spider:2 | Found a runed translucent gate.
 37814 | Spider:2 | Found a runed translucent gate.
 37814 | Spider:2 | Found a runed translucent gate.
 37972 | Spider:2 | Noticed Taocaav's ghost (adept CeHu)
 37972 | Spider:2 | Noticed Koapeshre's ghost (journeyman DDFi)
 37972 | Spider:2 | Noticed Finguili's ghost (adept TeEn)
 37991 | Spider:2 | Killed Taocaav's ghost
 37991 | Spider:2 | Reached skill level 22 in Shields
 38001 | Spider:2 | Killed Finguili's ghost
 38009 | Spider:2 | Killed Koapeshre's ghost
 38009 | Spider:2 | Reached XP level 18. HP: 168/168 MP: 19/19
 38016 | Spider:2 | Got a bound copper ring
 38034 | Spider:2 | Identified the ring of Epaampoz {+Inv MP+9 Str+2 Int+2}
                  | (You found it on level 2 of the Spider Nest)
 38178 | Spider:2 | Received a gift from Okawaru
 39781 | Spider:4 | Entered Level 4 of the Spider Nest
 40565 | Spider:4 | Got an ichor-stained chain mail
 40590 | Spider:3 | Identified the cursed +1 chain mail "Luvvin" {+Inv rElec
                  | MR- Int+5} (You found it on level 4 of the Spider Nest)
 41753 | Spider:4 | Reached skill level 23 in Shields
 42044 | Spider:4 | Received a gift from Okawaru
 42536 | Spider:4 | Got a gossamer rune of Zot
 43085 | Vaults:1 | Entered Level 1 of the Vaults
 43502 | Elf:1    | Entered Level 1 of the Elven Halls
 43620 | Elf:1    | Received a gift from Okawaru
 43744 | Elf:1    | Reached XP level 19. HP: 75/177 MP: 20/20
 43854 | Elf:1    | Identified the +10 battleaxe "Osa Otysch" {vamp, +Rage rC-
                  | rN+ Str+4}
 44165 | Elf:1    | Found Toicsap's Book Emporium.
 44321 | Elf:1    | Received a gift from Okawaru
 44325 | Elf:1    | Got a dazzling short sword {god gift}
 44549 | Elf:1    | Reached skill level 24 in Shields
 44607 | Elf:1    | Identified the +3 short sword of Circularity {pierce, rElec
                  | rPois Int+3 Dex-5} (Okawaru gifted it to you on level 1 of
                  | the Elven Halls)
 44971 | Elf:2    | Found a huge runed translucent gate.
 44971 | Elf:2    | Found a huge runed translucent gate.
 44971 | Elf:2    | Found a huge runed translucent gate.
 44971 | Elf:2    | Found a huge runed translucent gate.
 44971 | Elf:2    | Found a huge runed translucent gate.
 45807 | Elf:3    | Entered Level 3 of the Elven Halls
 45824 | Elf:3    | Received a gift from Okawaru
 47150 | Elf:3    | Received a gift from Okawaru
 47151 | Elf:3    | Found the +27 Lear's hauberk
 47371 | Elf:3    | Reached skill level 25 in Shields
 47581 | Elf:3    | Identified the +1 scimitar of False Accusations {venom,
                  | *Drain rPois MR+ Stlth+}
 47635 | Elf:3    | Reached XP level 20. HP: 49/188 MP: 21/21
 48076 | Elf:3    | Cast into level 2 of the Abyss (a deep elf sorcerer)
 48391 | Elf:3    | Escaped the Abyss
 48429 | Elf:3    | Identified the +10 trident of the Moon {freeze, +Fly rF-
                  | MP+9}
 49177 | Elf:3    | Got a distressingly furry cloak
 49188 | Elf:3    | Identified the cursed -2 cloak of Demons {rF+++ Regen+
                  | Int+4 Stlth-} (You found it on level 3 of the Elven Halls)
 49200 | Elf:3    | Identified the Disquisition on Quantum Enhancements
 49243 | Elf:3    | Identified Maumex's Papyrus of Earthen Flight
 50904 | Vaults:1 | Received a gift from Okawaru
 51307 | Vaults:1 | Found Ceor Ama's Gadget Emporium.
 51635 | Vaults:2 | Noticed Margery
 51670 | Vaults:1 | Killed Margery
 51983 | Vaults:2 | Reached skill level 26 in Shields
 52134 | Vaults:2 | Found a staircase to the Crypt.
 52182 | Vaults:2 | Found a portal to a secret trove of treasure.
 52191 | Trove    | Entered a treasure trove
 52206 | Trove    | Got a glittering ruby amulet
 52208 | Trove    | Got a heavily runed bone ring
 52214 | Trove    | Got a steaming pewter ring
 52226 | Trove    | Got a smoking brass ring
 52229 | Trove    | Got a translucent iron ring
 52238 | Trove    | Identified the amulet of Satisfaction {Gourm +Inv rF++ rN+
                  | MP-9} (You found it in a treasure trove)
 52261 | Trove    | Identified the ring of the Zebra {Str+4 Slay+4} (You found
                  | it in a treasure trove)
 52265 | Trove    | Identified the ring of Immorality {Wiz Int+2} (You found it
                  | in a treasure trove)
 52273 | Trove    | Got a twitching amber ring
 52294 | Trove    | Identified the ring of Kunics {Ice Int-5 Dex+5 Slay+2 SInv}
                  | (You found it in a treasure trove)
 52296 | Trove    | Identified the ring of Zesunkem {+Fly rN+ Str+7 Dex-2} (You
                  | found it in a treasure trove)
 52298 | Trove    | Identified the ring "Voqijax" {+Fly Dex+4} (You found it in
                  | a treasure trove)
 52702 | Vaults:2 | Reached XP level 21. HP: 167/198 MP: 22/22
 52786 | Vaults:2 | Noticed Xtahua
 52788 | Vaults:2 | Identified the Handbook of the Salamander
 52801 | Vaults:2 | Killed Xtahua
 53685 | Vaults:3 | Found Gypig's Armour Boutique.
 54059 | Vaults:3 | Found Nuopp's Jewellery Emporium.
 54091 | Vaults:3 | Noticed Mara
 54109 | Vaults:3 | Killed Mara
 54128 | Vaults:3 | Found Amnon's Assorted Antiques.
 54304 | Vaults:3 | Received a gift from Okawaru
 54365 | Vaults:3 | Reached skill level 27 in Shields
 54555 | Vaults:3 | Received a gift from Okawaru
 54568 | Vaults:3 | Got a polished large shield {god gift}
 54579 | Vaults:3 | Identified the +8 large shield "Istrem" {MP+9} (Okawaru
                  | gifted it to you on level 3 of the Vaults)
 56755 | Vaults:4 | Received a gift from Okawaru
 56758 | Vaults:4 | Reached XP level 22. HP: 202/209 MP: 23/23
 57697 | Vaults:5 | Entered Level 5 of the Vaults
 57926 | Vaults:5 | Slain by a phantasmal warrior

Skill      XL: |  1  2  3  4  5  6  7  8  9 10 11 12 13 14 15 16 17 18 19 20 21 22 |
---------------+-------------------------------------------------------------------+-----
Shields        | 4 5 6 8 9 10 12 13 15 16 18 20 22 23 25 26 27 | 27.0
Armour         | 4 5 6 7 8 9 11 12 13 14 15 16 17 18 | 18.1
Long Blades    | 3 4 6 8 10 12 13 14 15 16 17 18 19 20 21 22 | 22.0
Fighting       | 4 5 6 7 8 9 11 12 13 14 15 16 17 18 19 20 | 20.8
Dodging        | 1 2 3 4 5 6 7 8 |  8.1
Stealth        | 1 2 3 |  3.4
Invocations    | 1 2 3 |  3.3
Evocations     | |  0.2

Action                   |  1- 3 |  4- 6 |  7- 9 | 10-12 | 13-15 | 16-18 | 19-21 | 22-24 || total
-------------------------+-------+-------+-------+-------+-------+-------+-------+-------++-------
Melee: Long sword        |    81 |   201 |   312 |   803 |    13 |       |       |       ||  1410
       Headbutt          |    14 |    36 |    66 |   194 |   461 |   603 |   462 |    45 ||  1881
       Falchion          |       |       |       |     5 |    96 |   201 |       |       ||   302
       Scimitar          |       |       |       |       |   181 |       |       |       ||   181
       Double sword      |       |       |       |       |   909 |  1709 |  1350 |   136 ||  4104
Invok: Heroism           |       |       |     1 |     6 |    10 |     3 |     3 |     1 ||    24
       Finesse           |       |       |       |     1 |     3 |       |       |       ||     4
Evoke: Wand              |       |       |       |       |       |     3 |       |       ||     3
  Use: Scroll            |     8 |     4 |     3 |    10 |     6 |     9 |     7 |       ||    47
       Potion            |       |     1 |       |     2 |     8 |     2 |     8 |     1 ||    22
 Stab: Distracted        |       |       |       |       |     1 |       |     1 |       ||     2
       Confused          |       |       |       |       |       |     1 |     1 |       ||     2
       Sleeping          |       |       |       |       |       |       |     1 |       ||     1
  Eat: Chunk             |     2 |     7 |     8 |    24 |    33 |    38 |    25 |     3 ||   140
       Ration            |       |       |       |     1 |     2 |     6 |     5 |       ||    14
Armor: Scale mail        |    50 |    52 |       |       |       |       |       |       ||   102
       Plate armour      |       |    35 |   150 |   291 |   163 |   851 |   232 |    50 ||  1772
       Chain mail        |       |       |       |       |   216 |    36 |    69 |       ||   321
Dodge: Dodged            |    38 |    47 |    53 |   182 |   350 |   580 |   258 |    38 ||  1546
Block: Shield            |    46 |   115 |   177 |   597 |  1165 |   111 |       |       ||  2211
       Large shield      |       |       |       |       |       |  3380 |  2040 |   281 ||  5701
       Reflection        |       |       |       |       |       |    28 |    78 |       ||   106
       Rpst.: Long sword |     6 |    13 |    17 |    46 |     1 |       |       |       ||    83
       Scimitar          |       |       |       |       |    11 |       |       |       ||    11
       Double sword      |       |       |       |       |    56 |    79 |    36 |     6 ||   177
       Falchion          |       |       |       |       |     3 |     5 |       |       ||     8
